 Dungeon Crawl Stone Soup version 0.25-a0-578-gc91f01c39c (console) character file.

Game seed: 7226217976578916212, levelgen mode: deterministic

1714 Kagalorn the Ducker (level 9, -15/66 HPs)
             Began as a Gnoll Wanderer on Mar 3, 2020.
             Was an Initiate of Ashenzari.
             Demolished by an orc warrior
             ... wielding a +0 short sword
              (18 damage)
             ... on level 7 of the Dungeon.
             The game lasted 00:19:00 (7237 turns).

Kagalorn the Ducker (Gnoll Wanderer)                Turns: 7237, Time: 00:19:01

Health: -15/66     AC:  9    Str: 14    XL:     9   Next: 4%
Magic:  14/14      EV: 13    Int: 21    God:    Ashenzari [......]
Gold:   568        SH:  0    Dex: 14    Spells: 15/15 levels left

rFire    + . .     SeeInvis .   w - +2 dagger (venom)
rCold    . . .     Gourm    .   (no shield)
rNeg     . . .     Faith    .   q - +0 ring mail
rPois    .         Spirit   .   (no helmet)
rElec    .         Reflect  .   (no cloak)
rCorr    .         Harm     .   t - +2 pair of gloves (curse)
MR       .....                  (no boots)
Stlth    ++........             o - amulet of magic regeneration
HPRegen  0.21/turn              g - +2 ring of intelligence
MPRegen  0.39/turn              F - ring of protection from fire

@: lightly drained
A: distributed training, fangs 1, strong nose
a: Curse Item, Renounce Religion


You were on level 7 of the Dungeon.
You worshipped Ashenzari.
Ashenzari was noncommittal.
You were not hungry.

You visited 2 branches of the dungeon, and saw 8 of its levels.

You collected 568 gold pieces.

Inventory:

Hand Weapons
 a - a +2 vampiric spear
 b - a +0 hunting sling
 w - a +2 dagger of venom (weapon)
Missiles
 j - 296 stones
 l - 17 poisoned darts (quivered)
 n - 65 arrows
 v - 10 curare-tipped darts
 x - 28 sling bullets
Armour
 q - a +0 ring mail (worn)
 t - a cursed +2 pair of gloves (worn)
 D - a +3 plate armour
Jewellery
 g - a +2 ring of intelligence (left hand)
 o - an amulet of magic regeneration (around neck)
 F - a ring of protection from fire (right hand)
Wands
 y - a wand of acid (9)
 G - a wand of random effects (14)
Scrolls
 i - 3 scrolls of enchant weapon {unknown}
 k - 2 scrolls of fog {unknown}
 m - 3 scrolls of enchant armour {unknown}
 p - 8 scrolls of identify {unknown}
 u - a scroll of blinking {unknown}
 z - a scroll of fear {unknown}
 A - 3 scrolls of remove curse
 E - a scroll of noise {unknown}
Potions
 c - a potion of curing
 d - a potion of might {unknown}
 e - a potion of heal wounds {unknown}
 h - 4 potions of mutation {unknown}
 r - a potion of degeneration {unknown}
 s - a potion of brilliance {unknown}
 B - a potion of cancellation {unknown}
Comestibles
 f - 11 rations
 C - a chunk of flesh


   Skills:
 + Level 4.6(4.3) Fighting
 + Level 3.7(3.4) Short Blades
 + Level 3.7(3.4) Long Blades
 + Level 3.7(3.4) Axes
 + Level 3.7(3.4) Maces & Flails
 + Level 3.7(3.4) Polearms
 + Level 3.7(3.4) Staves
 + Level 3.7(3.4) Slings
 + Level 3.7(3.4) Bows
 + Level 4.6(4.3) Crossbows
 + Level 4.6(4.3) Throwing
 + Level 6.0(5.7) Armour
 + Level 6.0(5.7) Dodging
 + Level 4.5(4.2) Stealth
 + Level 4.6(4.3) Shields
 + Level 4.6(4.3) Unarmed Combat
 + Level 3.7(3.4) Spellcasting
 + Level 3.1(2.8) Conjurations
 + Level 3.1(2.8) Hexes
 + Level 3.1(2.8) Charms
 + Level 3.1(2.8) Summonings
 + Level 3.1(2.8) Necromancy
 + Level 3.1(2.8) Translocations
 + Level 3.1(2.8) Transmutations
 + Level 3.1(2.8) Fire Magic
 + Level 3.1(2.8) Ice Magic
 + Level 3.1(2.8) Air Magic
 + Level 3.1(2.8) Earth Magic
 + Level 3.1(2.8) Poison Magic
 + Level 4.1(3.8) Invocations
 + Level 3.7(3.4) Evocations


You had 15 spell levels left.
You didn't know any spells.
Your spell library was empty.

Dungeon Overview and Level Annotations

Branches:
Dungeon (7/15)             Temple (1/1) D:5

Altars:
Ashenzari
Cheibriados
Dithmenos
Elyvilon
Gozag
Hepliaklqana
Kikubaaqudgha
Makhleb
Nemelex Xobeh
Okawaru
Qazlal
Ru
Sif Muna
Trog
Uskayaw
Vehumet
Xom
Yredelemnul

Shops:
D:5 %

Annotations:
D:5 3 runed translucent doors, dracos369's ghost, amateur DsAK


Innate Abilities, Weirdness & Mutations

Your experience applies equally to all skills.
You have very sharp teeth.
Your uncanny sense of smell can sniff out nearby items.


Message History

The magic dart hits you.
Reactivating autopickup.
You feel a bit more experienced.
You hear an angry hiss.
The orc warrior hits you with a +0 short sword.
The orc warrior rages.
A leopard gecko comes into view.
The orc warrior hits you with a +0 short sword!
The leopard gecko hisses angrily.
The orc warrior hits you with a +0 short sword!
You see here a leopard gecko skeleton.
The orc warrior hits you with a +0 short sword!!
* * * LOW HITPOINT WARNING * * *
Okay, then.
Okay, then.
The orc warrior rages.
The orc warrior hits you with a +0 short sword!
* * * LOW HITPOINT WARNING * * *
The orc warrior hits you with a +0 short sword!!
You die...

##### ###...
###.#.###.#
#.........# ∆
#.#.).###.#
#.#....<#
#@################
#.o.l.÷o......#...
#############.#.##
∆ .....o)........
##########.###.
#... ∆ ##### ∆


You could see an orc warrior (berserk), an orc and a leopard gecko.

Vanquished Creatures
  A sky beast (D:6)
  2 phantoms
  An ogre (D:5)
  2 centaurs
  3 big kobolds
  Blork the orc (D:5)
  A scorpion (D:6)
  2 crimson imps
  An orc priest (D:7)
  2 hounds (D:6)
  6 orc wizards
  A centaur skeleton (D:5)
  4 iguanas
  2 worker ants (D:4)
  A hound zombie (D:6)
  A hound skeleton (D:5)
  7 gnolls (D:5)
  7 adders
  A shadow imp (D:5)
  2 oozes
  An adder zombie (D:5)
  2 worms
  2 dart slugs
  3 leopard geckos
  25 orcs
  6 giant cockroaches
  33 goblins
  41 hobgoblins
  6 jackals
  3 quokkas (D:3)
  A ball python (D:1)
  4 bats
  2 frilled lizards
  A jackal skeleton (D:6)
  11 kobolds
  9 rats
198 creatures vanquished.

Vanquished Creatures (others)
  An orc wizard (D:5)
1 creature vanquished.

Grand Total: 199 creatures vanquished

Notes
Turn   | Place    | Note
-------+----------+-------------------------------------------
     0 | D:1      | Kagalorn the Gnoll Wanderer began the quest for the Orb.
     0 | D:1      | Kagalorn set off with the following items: a +2 dagger, 2
                  | curare-tipped darts, a potion of curing, a +0 ring mail, a
                  | ration
     0 | D:1      | Reached XP level 1. HP: 17/17 MP: 1/1
   124 | D:1      | Reached XP level 2. HP: 23/23 MP: 2/2
   297 | D:1      | Reached XP level 3. HP: 28/28 MP: 3/3
   909 | D:2      | Reached skill level 1 in Invocations
  1023 | D:2      | Found a radiant altar of Vehumet.
  1031 | D:2      | Found a hide-covered altar of Uskayaw.
  1031 | D:2      | Found a shattered altar of Ashenzari.
  1032 | D:2      | Found a stormy altar of Qazlal.
  1033 | D:2      | Found a snail-covered altar of Cheibriados.
  1034 | D:2      | Found a bloodstained altar of Trog.
  1042 | D:2      | Became a worshipper of Ashenzari the Shackled
  1118 | D:2      | Reached skill level 1 in Short Blades
  1118 | D:2      | Reached skill level 1 in Long Blades
  1118 | D:2      | Reached skill level 1 in Axes
  1118 | D:2      | Reached skill level 1 in Maces & Flails
  1118 | D:2      | Reached skill level 1 in Polearms
  1118 | D:2      | Reached skill level 1 in Staves
  1118 | D:2      | Reached skill level 1 in Slings
  1118 | D:2      | Reached skill level 1 in Bows
  1118 | D:2      | Reached skill level 1 in Spellcasting
  1118 | D:2      | Reached skill level 1 in Evocations
  1274 | D:2      | Reached XP level 4. HP: 28/34 MP: 5/5
  1970 | D:3      | Reached skill level 1 in Conjurations
  1970 | D:3      | Reached skill level 1 in Hexes
  1970 | D:3      | Reached skill level 1 in Charms
  1970 | D:3      | Reached skill level 1 in Summonings
  1970 | D:3      | Reached skill level 1 in Necromancy
  1970 | D:3      | Reached skill level 1 in Translocations
  1970 | D:3      | Reached skill level 1 in Transmutations
  1970 | D:3      | Reached skill level 1 in Fire Magic
  1970 | D:3      | Reached skill level 1 in Ice Magic
  1970 | D:3      | Reached skill level 1 in Air Magic
  1970 | D:3      | Reached skill level 1 in Earth Magic
  1970 | D:3      | Reached skill level 1 in Poison Magic
  1972 | D:3      | Reached XP level 5. HP: 37/40 MP: 6/6
  2444 | D:4      | Noticed a phantom
  3061 | D:5      | Entered Level 5 of the Dungeon
  3208 | D:5      | Noticed a phantom
  3255 | D:5      | Killed a phantom
  3255 | D:5      | Reached XP level 6. HP: 47/47 MP: 8/8
  3297 | D:5      | Found a runed translucent gate.
  3297 | D:5      | Found a runed translucent gate.
  3297 | D:5      | Found an opulent altar of Gozag.
  3297 | D:5      | Found a runed translucent gate.
  3298 | D:5      | Noticed dracos369's ghost (amateur DsAK)
  3298 | D:5      | Noticed a phantom
  3317 | D:5      | Reached skill level 5 in Armour
  3317 | D:5      | Reached skill level 5 in Dodging
  3356 | D:5      | Noticed Blork the orc
  3370 | D:5      | Killed Blork the orc
  3678 | D:5      | Found an iron altar of Okawaru.
  3705 | D:5      | Reached XP level 7. HP: 47/52 MP: 10/10
  3916 | D:5      | Reached * piety under Ashenzari
  4034 | D:5      | HP: 1/52 [centaur (6)]
  5022 | D:5      | Reached XP level 8. HP: 57/60 MP: 12/12
  5311 | D:5      | Found Dusyxtideu's Food Shop.
  5428 | D:5      | Found a staircase to the Ecumenical Temple.
  5430 | D:5      | Found a faded altar of an unknown god.
  5673 | Temple   | Entered the Ecumenical Temple
  6791 | D:6      | Found a basalt altar of Yredelemnul.
  7041 | D:6      | Reached XP level 9. HP: 52/66 MP: 14/14
  7235 | D:7      | HP: 3/66 [orc warrior/+0 short sword (8)]
  7237 | D:7      | Demolished by an orc warrior

Levels and vault maps discovered:
D:1:      lightli_arrival_quake, layout_basic, minmay_pentomino_u4
D:2:      layout_basic, grunt_temple_overflow_open, first_ration, serial_rivers,
          chequers_serial_rivers_small_3, chequers_serial_rivers_small_b,
          chequers_serial_rivers_small_a, chequers_serial_rivers_small_3,
          chequers_serial_rivers_marsh, chequers_serial_rivers_micro_c
D:3:      layout_basic
D:4:      layout_layer_cave, serial_bayou_lagoon_a
D:5:      minmay_goblin_kobold_castle, layout_basic,
          nicolae_temple_entry_ecumenical, serial_shops, shop, basic_altar,
          ebering_ghost_gozag, minivault_14, uniq_blork_the_orc
D:6:      layout_rooms, overflow_temple_1_default
D:7:      layout_basic, grunt_livestock
Temple:   minmay_temple_curvy_loop

Skill      XL: |  1  2  3  4  5  6  7  8  9 |
---------------+----------------------------+-----
Invocations    | 1 2 3 4 |  4.1
Short Blades   | 1 2 3 |  3.7
Long Blades    | 1 2 3 |  3.7
Axes           | 1 2 3 |  3.7
Maces & Flails | 1 2 3 |  3.7
Polearms       | 1 2 3 |  3.7
Staves         | 1 2 3 |  3.7
Slings         | 1 2 3 |  3.7
Bows           | 1 2 3 |  3.7
Spellcasting   | 1 2 3 |  3.7
Evocations     | 1 2 3 |  3.7
Conjurations   | 1 2 3 |  3.1
Hexes          | 1 2 3 |  3.1
Charms         | 1 2 3 |  3.1
Summonings     | 1 2 3 |  3.1
Necromancy     | 1 2 3 |  3.1
Translocations | 1 2 3 |  3.1
Transmutations | 1 2 3 |  3.1
Fire Magic     | 1 2 3 |  3.1
Ice Magic      | 1 2 3 |  3.1
Air Magic      | 1 2 3 |  3.1
Earth Magic    | 1 2 3 |  3.1
Poison Magic   | 1 2 3 |  3.1
Fighting       | 3 4 |  4.6
Crossbows      | 3 4 |  4.6
Throwing       | 3 4 |  4.6
Shields        | 3 4 |  4.6
Unarmed Combat | 3 4 |  4.6
Stealth        | 3 4 |  4.5
Armour         | 5 6 |  6.0
Dodging        | 5 6 |  6.0

Action                   |  1- 3 |  4- 6 |  7- 9 || total
-------------------------+-------+-------+-------++-------
Melee: Dagger            |   108 |   179 |   153 ||   440
       Bite              |    14 |    20 |    55 ||    89
       Punch             |     2 |     3 |    12 ||    17
       Spear             |       |       |   426 ||   426
Throw: Dart              |     2 |       |       ||     2
Invok: Curse Item        |       |     1 |       ||     1
  Use: Potion            |     1 |       |     1 ||     2
 Stab: Sleeping          |     2 |     2 |     1 ||     5
  Eat: Chunk             |     1 |     8 |    12 ||    21
Armor: Ring mail         |    29 |    56 |   201 ||   286
Dodge: Dodged            |    49 |   115 |   373 ||   537

Table legend:
 A = Non-vault XP
 B = Vault XP
 C = Vault XP percentage of total XP
 D = Non-vault monster count
 E = Vault monster count
 F = Vault count percentage of total count
                 A         B        C        D         E       F
            +---------+---------+-------+---------+---------+-------
      Total |    1852 |     597 |  24.4 |     128 |      71 |  35.7
            +---------+---------+-------+---------+---------+-------
        D:1 |      42 |       3 |   6.7 |      23 |       2 |   8.0
        D:2 |      59 |       0 |   0.0 |      20 |       0 |   0.0
        D:3 |      83 |       0 |   0.0 |      20 |       0 |   0.0
        D:4 |     104 |     219 |  67.8 |      10 |      16 |  61.5
        D:5 |     691 |     375 |  35.2 |      23 |      53 |  69.7
        D:6 |     784 |       0 |   0.0 |      29 |       0 |   0.0
        D:7 |      89 |       0 |   0.0 |       3 |       0 |   0.0
            +---------+---------+-------+---------+---------+-------
